 Dungeon Crawl Stone Soup version 0.25.1-2-g60ff931 (webtiles) character file.

Game seed: 16654469482517302898

16986 JaySil the Carver (level 12, -5/106 HPs)
             Began as a Minotaur Fighter on Aug 21, 2020.
             Was a Believer of the Shining One.
             Slain by a brown ugly thing (9 damage)
             ... on level 12 of the Dungeon on Aug 22, 2020.
             The game lasted 00:18:28 (15325 turns).

JaySil the Carver (Minotaur Fighter)               Turns: 15325, Time: 00:18:29

Health: -5/106     AC: 10    Str: 29    XL:     12   Next: 14%
Magic:  0/11       EV: 17    Int:  5    God:    the Shining One [**....]
Gold:   849        SH: 16    Dex: 13    Spells: 11/11 levels left

rFire    x . .     SeeInvis .   a - +1 long sword
rCold    x . .     Gourm    .   c - +2 kite shield
rNeg     + . .     Faith    .   b - +0 scale mail
rPois    .         Spirit   +   (helmet restricted)
rElec    +         Reflect  .   (no cloak)
rCorr    +         Harm     .   K - +0 pair of gloves "Huth" {rElec rF- rC- rCorr}
MR       .....                  (no boots)
Stlth    +.........             E - amulet of guardian spirit
HPRegen  0.27/turn              q - +4 ring of evasion
MPRegen  0.12/turn              C - +6 ring of strength

@: hasted, glowing, very quick
A: retaliatory headbutt, horns 2
a: Divine Shield, Renounce Religion


You were on level 12 of the Dungeon.
You worshipped the Shining One.
The Shining One was pleased with you.
You were not hungry.

You visited 2 branches of the dungeon, and saw 13 of its levels.

You collected 849 gold pieces.

Inventory:

Hand Weapons
 a - a +1 long sword (weapon)
Armour
 b - a +0 scale mail (worn)
 c - a +2 kite shield (worn)
 K - the +0 pair of gloves "Huth" (worn) {rElec rF- rC- rCorr}
   (You found it on level 9 of the Dungeon)

   It makes you vulnerable to fire.
   It makes you vulnerable to cold.
   It insulates you from electricity.
   It provides partial protection from all sources of acid and corrosion.
Jewellery
 g - an uncursed amulet of faith
 q - a +4 ring of evasion (left hand)
 y - the amulet "Neynej Ibri" {Acrobat rC+ rN+, unknown}
   (You found it on level 10 of the Dungeon)

   [amulet of the acrobat]

   It helps you evade while moving and waiting.
   It protects you from cold.
   It protects you from negative energy.
 C - a +6 ring of strength (right hand)
 E - an amulet of guardian spirit (around neck)
Wands
 o - a wand of clouds (5)
 v - a wand of random effects (36)
 B - a wand of enslavement (3)
 D - a wand of digging (4)
 I - a wand of polymorph (6)
Scrolls
 i - 2 scrolls of enchant armour
 j - 7 scrolls of teleportation
 r - 11 scrolls of remove curse
 s - 3 scrolls of enchant weapon
 u - 2 scrolls of identify
 z - a scroll of amnesia
 A - a scroll of magic mapping
 F - a scroll of fog
 G - 2 scrolls of blinking
Potions
 d - a potion of degeneration {unknown}
 e - 2 potions of invisibility {unknown}
 h - a potion of mutation
 k - 3 potions of haste
 l - 4 potions of berserk rage
 m - 4 potions of curing
 n - 4 potions of stabbing {unknown}
 p - 4 potions of heal wounds {unknown}
 t - 3 potions of brilliance {unknown}
 w - 3 potions of flight
 x - 2 potions of might
Comestibles
 f - 16 rations


   Skills:
 + Level 9.9 Fighting
 + Level 13.5 Long Blades
 + Level 10.5 Armour
 + Level 5.9 Dodging
 + Level 2.3 Stealth
 + Level 12.4 Shields


You had 11 spell levels left.
You didn't know any spells.
Your spell library contained the following spells:

 Spells                   Type           Power        Failure   Level  Hunger
 Animate Skeleton         Necr           N/A          80%         1    ##.....
 Pain                     Necr           #...         80%         1    ##.....
 Sandblast                Erth           #.....       80%         1    ##.....
 Summon Small Mammal      Summ           #...         80%         1    ##.....
 Call Imp                 Summ           #.......     90%         2    ###....
 Passwall                 Tmut/Erth      #.......     90%         2    ###....
 Call Canine Familiar     Summ           #.......     99%         3    ####...
 Stone Arrow              Conj/Erth      #.....       99%         3    ####...
 Summon Guardian Golem    Hex/Summ       #.......     99%         3    ####...
 Vampiric Draining        Necr           #.........   99%         3    ####...
 Animate Dead             Necr           N/A          100%        4    #####..
 Petrify                  Tmut/Erth      #.......     100%        4    #####..
 Summon Ice Beast         Ice/Summ       #.......     100%        4    #####..
 Summon Lightning Spire   Summ/Air       #.......     100%        4    #####..
 Agony                    Necr           #.......     100%        5    ######.
 Lee's Rapid Deconstruct  Erth           #.........   100%        5    ######.


Dungeon Overview and Level Annotations

Branches:
Dungeon (12/15)            Temple (1/1) D:7            Lair (0/6) D:8
    Orc (0/2) D:11

Altars:
Ashenzari
Cheibriados
Dithmenos
Elyvilon
Fedhas
Gozag
Hepliaklqana
Kikubaaqudgha
Makhleb
Nemelex Xobeh
Okawaru
Qazlal
Ru
Sif Muna
Trog
Uskayaw
Vehumet
Wu Jian
Xom
Yredelemnul
Zin
The Shining One

Shops:
D:12 !


Innate Abilities, Weirdness & Mutations

You reflexively headbutt those who attack you in melee.
You have a pair of horns on your head.


Message History

You block the demonic crawler's attack. The demonic crawler misses you.
You slice the demonic crawler!!
You kill the demonic crawler!
The demonic crawler's corpse disappears in a puff of smoke!
You hit the orc knight. Your headbutt misses the orc knight.
The orc knight is lightly wounded.
The orc knight hits you with a +1 great sword!!
* * * LOW HITPOINT WARNING * * *
You slash the orc knight! Your headbutt misses the orc knight.
The orc knight is moderately wounded.
The orc no longer looks unusually strong.
Unknown command.
You hit the orc knight but do no damage.
The orc knight is moderately wounded.
The deep elf mage mumbles some strange words.
The deep elf mage blinks!
The orc knight hits you with a +1 great sword!
* * * LOW HITPOINT WARNING * * *
You feel yourself speed up. The brown ugly thing gores you!
You die...

........#####.##
#.#########.))..
........# #..# #.#
#......). ........#
##.###.# #....).##
#########
#..##.######..##..# #
#....$............# '...
#.e...).......##..# #...
#.....####.$......## #
##
#####.#.....####....%..#
#####
#......@u...####........
....####
#.######or#.............
.#.....#
#)ยง#.###.#....##.
.#.....# ##a###
#......##. .+.....+ #Z4#
#......##. ##.....#
###h3####.....####
##.....# #h..9..#######
##.....# #.oZZ..#
##.....# #..##..##..#


You could see an orc knight, a brown ugly thing, a soul eater (summoned), a
hellwing (summoned), a deep elf mage, a black bear, a gargoyle, a hell rat
(summoned), a worker ant and 2 centaur warrior zombies.

Vanquished Creatures
  A centaur warrior (D:12)
  5 two-headed ogres
  An unseen horror (D:12)
  2 ugly things
  A deep elf mage (D:12)
  2 cyclopes (D:12)
  Joseph (D:8)
  A centaur zombie (D:12)
  Maggie (D:8)
  A kobold demonologist (D:11)
  4 hippogriffs
  3 shadows
  2 wraiths
  2 wyverns
  A spriggan (D:7)
  Grum (D:8)
  2 vampire mosquitoes (D:12)
  2 hungry ghosts
  Edmund (D:4)
  A soldier ant (D:10)
  Duvessa (D:7)
  4 porcupines (D:8)
  3 orc warriors
  A sky beast (D:7)
  An eye of draining (D:11)
  3 black bears
  2 phantoms
  A necrophage (D:9)
  4 ice beasts
  3 ogres
  4 wolves (D:8)
  6 centaurs
  6 crocodiles
  11 bullfrogs
  Blork the orc (D:4)
  Dowan (D:7)
  A wyvern skeleton (D:12)
  A scorpion (D:5)
  10 killer bees
  3 howler monkeys (D:12)
  An electric eel (D:7)
  3 crimson imps
  7 jellies
  11 orc priests
  4 bullfrog zombies
  2 hounds
  A centaur skeleton (D:10)
  3 iguanas
  13 orc wizards
  Natasha (thrice) (D:2)
  6 worker ants
  2 hound zombies
  Robin (D:3)
  7 gnolls (D:5)
  11 adders
  3 shadow imps
  An adder skeleton (D:4)
  4 worms
  3 dart slugs (D:1)
  6 leopard geckos
  62 orcs
  6 bats
  5 giant cockroaches
  22 goblins
  9 hobgoblins
  12 jackals
  3 quokkas
  4 frilled lizards
  4 kobolds
  10 rats
331 creatures vanquished.

Vanquished Creatures (others)
  A fungus (D:8)
  A plant (D:8)
2 creatures vanquished.

Grand Total: 333 creatures vanquished

Notes
Turn   | Place    | Note
-------+----------+-------------------------------------------
     0 | D:1      | JaySil the Minotaur Fighter began the quest for the Orb.
     0 | D:1      | Reached XP level 1. HP: 19/19 MP: 0/0
   175 | D:1      | Reached XP level 2. HP: 27/27 MP: 1/1
   530 | D:1      | Reached XP level 3. HP: 33/33 MP: 2/2
   859 | D:2      | Reached skill level 3 in Long Blades
  1032 | D:2      | Reached XP level 4. HP: 40/41 MP: 3/3
  1307 | D:2      | Noticed Natasha
  1315 | D:2      | Killed Natasha
  1447 | D:2      | You fall into a shaft and drop 2 floors!
  1477 | D:4      | Noticed Edmund
  1489 | D:4      | Killed Edmund
  1489 | D:4      | Reached skill level 4 in Long Blades
  1489 | D:4      | Reached skill level 1 in Dodging
  1489 | D:4      | Reached skill level 5 in Shields
  1489 | D:4      | Reached XP level 5. HP: 44/47 MP: 4/4
  1560 | D:4      | Noticed an ogre
  1649 | D:2      | Noticed Natasha
  1654 | D:2      | Killed Natasha
  1654 | D:2      | Reached XP level 6. HP: 35/53 MP: 5/5
  2080 | D:3      | Noticed Robin
  2107 | D:3      | Reached skill level 5 in Armour
  2119 | D:3      | Killed Robin
  2796 | D:4      | Reached skill level 5 in Fighting
  2796 | D:4      | Reached skill level 5 in Long Blades
  2952 | D:4      | Noticed Blork the orc
  2959 | D:4      | Killed Blork the orc
  2959 | D:4      | Reached XP level 7. HP: 37/61 MP: 6/6
  3241 | D:4      | Reached skill level 6 in Long Blades
  3561 | D:5      | Entered Level 5 of the Dungeon
  4144 | D:5      | Reached XP level 8. HP: 41/70 MP: 7/7
  4152 | D:5      | Reached skill level 1 in Stealth
  5471 | D:6      | Reached skill level 7 in Long Blades
  6588 | D:7      | Noticed a hippogriff
  6598 | D:7      | Killed a hippogriff
  6598 | D:7      | Reached XP level 9. HP: 41/77 MP: 8/8
  6805 | D:7      | Reached skill level 8 in Long Blades
  6893 | D:7      | Found a staircase to the Ecumenical Temple.
  6917 | D:7      | Noticed Duvessa
  6917 | D:7      | Noticed Dowan
  6927 | D:7      | Killed Duvessa
  6932 | D:7      | Killed Dowan
  6941 | Temple   | Entered the Ecumenical Temple
  7596 | D:7      | Reached skill level 9 in Long Blades
  8244 | D:2      | Noticed Natasha
  8245 | D:2      | Killed Natasha
  8447 | D:8      | Found a staircase to the Lair.
  8464 | D:8      | Reached XP level 10. HP: 64/86 MP: 6/9
  8622 | D:8      | Noticed Grum
  8628 | D:8      | Reached skill level 10 in Long Blades
  8636 | D:8      | Killed Grum
  8997 | D:8      | Found a stormy altar of Qazlal.
  8999 | D:8      | Found a hazy altar of Hepliaklqana.
  9001 | D:8      | Found a hide-covered altar of Uskayaw.
  9001 | D:8      | Found a glowing silver altar of Zin.
  9002 | D:8      | Noticed Maggie
  9019 | D:8      | Killed Maggie
  9019 | D:8      | Reached skill level 10 in Shields
  9535 | D:8      | Noticed Joseph
  9545 | D:8      | Killed Joseph
  9749 | D:9      | Noticed a two-headed ogre
  9757 | D:9      | Killed a two-headed ogre
  9757 | D:9      | Reached skill level 11 in Long Blades
 10605 | D:9      | Got a pair of slimy gloves
 10611 | D:9      | Identified the +0 pair of gloves "Huth" {rElec rF- rC-
                  | rCorr} (You found it on level 9 of the Dungeon)
 11198 | D:10     | Entered Level 10 of the Dungeon
 11254 | D:10     | Reached XP level 11. HP: 85/95 MP: 10/10
 11673 | D:10     | Noticed a two-headed ogre
 11679 | D:10     | Killed a two-headed ogre
 11679 | D:10     | Reached skill level 5 in Dodging
 11715 | D:10     | Noticed a green ugly thing
 11730 | D:10     | Killed a green ugly thing
 12400 | D:10     | Got a warped bone amulet
 12438 | D:10     | Reached skill level 12 in Long Blades
 13258 | Temple   | Became a worshipper of the Shining One
 13360 | D:11     | Noticed a green ugly thing
 13377 | D:11     | Killed a green ugly thing
 13648 | D:11     | Noticed a sixfirhy
 13665 | D:11     | Noticed a two-headed ogre
 13686 | D:11     | Killed a two-headed ogre
 13686 | D:11     | Reached skill level 10 in Armour
 14424 | D:11     | Found a staircase to the Orcish Mines.
 14551 | D:12     | Noticed a centaur warrior
 14564 | D:12     | Killed a centaur warrior
 14733 | D:12     | Found Edih's Distillery.
 14779 | D:12     | Reached * piety under the Shining One
 15099 | D:12     | Reached skill level 13 in Long Blades
 15279 | D:12     | Noticed a deep elf mage
 15279 | D:12     | Noticed a two-headed ogre
 15281 | D:12     | Noticed an orc knight
 15282 | D:12     | Noticed a two-headed ogre
 15285 | D:12     | Identified the +1 robe of Loss {Int+3}
 15285 | D:12     | Noticed a deep elf mage
 15289 | D:12     | Noticed a brown ugly thing
 15289 | D:12     | Reached ** piety under the Shining One
 15290 | D:12     | Noticed an unseen horror
 15301 | D:12     | Killed a two-headed ogre
 15301 | D:12     | Reached XP level 12. HP: 61/106 MP: 6/11
 15308 | D:12     | Killed a two-headed ogre
 15324 | D:12     | HP: 4/106 [orc knight/+1 great sword (10)]
 15325 | D:12     | Slain by a brown ugly thing

Illustrated notes

Levels and vault maps discovered:
D:1:      ncdulo_wetmaze, layout_loops_ring, minmay_tromino_v4_b
D:2:      layout_rooms, uniq_natasha
D:3:      layout_loops_ring, uniq_robin
D:4:      layout_basic, uniq_edmund, uniq_blork_the_orc
D:5:      layout_basic, first_ration
D:6:      layout_basic
D:7:      layout_basic, minmay_temple_entry_gardened_gates, the_bakery,
          chequers_big_river, uniq_duvessa
D:8:      layout_gridville, grunt_temple_overflow_open,
          due_lair_maze_entry_diamond, uniq_joseph, uniq_grum, uniq_maggie
D:9:      layout_layer_cave
D:10:     layout_basic, minivault_5, minmay_checkerbox
D:11:     layout_basic, hiddenorc1_lemuel
D:12:     minmay_bloctagon, layout_basic, serial_shops, kennysheep_little_box
Temple:   compressed_dpeg_circular_temple

Skill      XL: |  1  2  3  4  5  6  7  8  9 10 11 |
---------------+----------------------------------+-----
Fighting       | 4 5 6 7 8 9 |  9.9
Armour         | 4 5 6 7 9 10 | 10.5
Shields        | 4 5 6 7 9 10 12 | 12.4
Long Blades    | 3 4 5 6 7 9 11 13 | 13.5
Dodging        | 1 2 3 4 5 |  5.9
Stealth        | 1 2 |  2.3

Action                   |  1- 3 |  4- 6 |  7- 9 | 10-12 || total
-------------------------+-------+-------+-------+-------++-------
Melee: Long sword        |    84 |   128 |   347 |   443 ||  1002
       Headbutt          |    16 |    33 |    87 |   118 ||   254
  Use: Scroll            |     3 |     7 |       |     9 ||    19
       Potion            |       |     1 |       |     2 ||     3
  Eat: Chunk             |     1 |     2 |    10 |    11 ||    24
       Ration            |       |     1 |     3 |     3 ||     7
Armor: Scale mail        |    56 |    51 |    55 |    47 ||   209
Dodge: Dodged            |    41 |    40 |   110 |   173 ||   364
Block: Kite shield       |    65 |    92 |   216 |   295 ||   668
       Rpst.: Long sword |     9 |    13 |    32 |    44 ||    98
